AoeStats
← Raghuram6I

Arabia

503776040Analyzed
1v1 RM · 1mo ago on Sep 2, 2026· 46m 40s· 2 players
Game mode
Random Map
Map size
Tiny (2 player)
Population
200
Speed
Normal
Resources
Standard
Victory
Conquest
Starting age
Dark Age
Ending age
Imperial Age
RankedLock teamsTeams togetherTeam positionsShared explorationLock speedFull tech treeHidden civsTurbo modeCheats
Victory
Defeat
🇮🇳 Vietnamese · India
802
+16
🇩🇪 Mapuche · Germany
797
-16
N98CRAXXD
8:28 Feudal Age
10:18 Wheelbarrow
12:34 Loom
13:54 Double-Bit Axe
14:42 Horse Collar
20:34 Fletching
22:47 Castle Age
20:44 Gold Mining
20:44 Stone Mining
23:49 Hand Cart
23:45 Bow Saw
23:36 Heavy Plow
22:57 Elite Skirmisher
23:01 Pikeman
24:16 Gold Shaft Mining
24:53 Stone Shaft Mining
27:44 Forging
28:01 Ballistics
31:30 Iron Casting
30:56 Scale Mail Armor
33:34 Bodkin Arrow
36:17 Chain Mail Armor
41:20 Imperial Age
39:29 Padded Archer Armor
40:32 Malon
40:01 Champi Runner
40:27 Arson
42:28 Leather Archer Armor
44:51 Chemistry
43:26 Halberdier
44:38 Crop Rotation
Raghuram6I
9:55 Feudal Age
9:54 Loom
11:34 Gold Mining
11:31 Double-Bit Axe
11:49 Horse Collar
15:10 Fletching
16:19 Padded Archer Armor
21:21 Forging
21:12 Scale Mail Armor
21:18 Scale Barding Armor
24:13 Castle Age
22:17 Arson
22:49 Stone Mining
23:49 Bloodlines
25:18 Husbandry
26:19 Stone Shaft Mining
25:57 Bow Saw
25:51 Heavy Plow
27:37 Wheelbarrow
28:43 Iron Casting
29:50 Chain Barding Armor
32:59 Hand Cart
33:16 Bodkin Arrow
33:36 Leather Archer Armor
36:55 Imperial Age
34:11 Town Watch
35:30 Stone Shaft Mining
36:10 Bodkin Arrow
37:40 Bracer
37:55 Leather Archer Armor
38:07 Paper Money
37:56 Chatras
38:31 Hoardings
38:01 Chatras
39:15 Paper Money
39:54 Crop Rotation
39:38 Squires
40:04 Leather Archer Armor
41:17 Two-Man Saw
40:48 Town Patrol
41:11 Chain Mail Armor
40:40 Pikeman
41:27 Halberdier
42:21 Chatras
42:33 Chatras
42:39 Cavalier
45:35 Capped Ram
45:38 Onager
47:33 Plate Mail Armor
47:33 Ring Archer Armor
Connection lost

Rejoining the realm…

Still unreachable

The connection could not be restored.

Session expired

The server has moved on; the page needs a fresh start.